 Dungeon Crawl Stone Soup version 0.27-a0-1186-g8b4daa1eef (webtiles) character file.

Game seed: 14638705151581416920

227 chippings the Cudgeller (level 5, -5/42 HPs)
             Began as a Mummy Gladiator on May 19, 2021.
             Slain by an ogre
             ... wielding a +0 giant spiked club
              (23 damage)
             ... on level 4 of the Dungeon.
             The game lasted 00:04:33 (2561 turns).

chippings the Cudgeller (Mummy Gladiator)           Turns: 2561, Time: 00:04:33

Health: -5/42      AC: 12    Str: 18    XL:     5   Next: 70%
Magic:  5/5        EV:  3    Int:  7    God:
Gold:   7          SH: 12    Dex: 20    Spells: 4/4 levels left

rFire    x . .     SeeInvis +   a - +0 flail
rCold    + . .     Faith    .   o - +0 tower shield {AC+3}
rNeg     + + +     Spirit   .   i - +0 chain mail
rPois    ∞         Reflect  .   c - +0 helmet
rElec    .         Harm     .   (no cloak)
rCorr    .         Rampage  .   (no gloves)
Will     .....                  (no boots)
Stlth    ..........             (no amulet)
HPRegen  0.14/turn              j - ring of see invisible
MPRegen  0.09/turn              l - +6 ring of dexterity

@: no status effects
A: cold resistance 1, negative energy resistance 3, torment resistance 2, heat
vulnerability 1, no potions
a: no special abilities


You were on level 4 of the Dungeon.
You visited 1 branch of the dungeon, and saw 4 of its levels.

You collected 133 gold pieces.
You spent 126 gold pieces at shops.

Inventory:

Hand Weapons
 a - a +0 flail (weapon)
 f - a +2 dagger of protection
 h - a +0 dagger of flaming
Missiles
 d - 3 throwing nets (quivered)
Armour
 c - a +0 helmet (worn)
 i - a +0 chain mail (worn)
 o - a +0 tower shield of protection (worn)
Jewellery
 j - a ring of see invisible (left hand)
 l - a +6 ring of dexterity (right hand)
Wands
 g - a wand of flame (10)
 m - a wand of digging (3)
Scrolls
 b - a scroll of identify {unknown}
 e - a scroll of magic mapping {unknown}
 k - a scroll of silence {unknown}
 n - a scroll of teleportation


   Skills:
 + Level 3.7 Fighting
 * Level 4.6 Maces & Flails
 - Level 1.5 Throwing
 - Level 2.4 Dodging
 * Level 0.0 Shields


You had 4 spell levels left.
You didn't know any spells.
Your spell library contained the following spells:

 Spells                   Type           Power      Damage    Failure   Level
 Summon Small Mammal      Summ           0%         N/A       100%        1
 Call Imp                 Summ           0%         N/A       100%        2
 Call Canine Familiar     Summ           0%         N/A       100%        3
 Summon Guardian Golem    Hex/Summ       0%         N/A       100%        3
 Summon Ice Beast         Ice/Summ       0%         N/A       100%        4
 Summon Lightning Spire   Summ/Air       0%         N/A       100%        4


Dungeon Overview and Level Annotations

Branches:
Dungeon (4/15)
 Temple: D:4-7

Altars:
Makhleb
Qazlal

Shops:
D:3 [:?

Annotations:
D:2 Terence


Innate Abilities, Weirdness & Mutations

You are immune to poison.
Your flesh is cold resistant. (rC+)
You are immune to negative energy. (rN+++)
You are immune to unholy pain and torment.
You are vulnerable to heat. (rF-)
You do not drink.


Message History

Things that are here:
a +0 club; a +0 leather armour; an orc corpse
Things that are here:
a +0 club; a goblin corpse
There is a large open door here.
There is a stone staircase leading up here.
Done exploring.
There is an entrance to Nyiwkesm's Armour Boutique here.
o - a +0 tower shield of protection Thank you for shopping at Nyiwkesm's Armour Boutique!
You can access your shopping list by pressing '$'.
You start putting on your armour.
You continue putting on your +0 tower shield of protection. x4
You finish putting on your +0 tower shield of protection.
You feel protected.
You see here a puce potion.
There is a stone staircase leading down here.
You climb downwards.
A worm and an ogre come into view.
The ogre shouts!
There is a stone staircase leading up here.
You sock the worm!
The worm is severely wounded.
You hit the worm but do no damage.
The worm is severely wounded.
The worm barely misses you.
An orc comes into view. It is wielding a +0 flail.
The orc shouts!
You hit the worm.
The worm is severely wounded.
The worm completely misses you.
You hit the worm but do no damage.
The worm is severely wounded.
The ogre hits you with a +0 giant spiked club.
The worm bites you but does no damage.
The ogre hits you with a +0 giant spiked club!!
You block the worm's attack.
The ogre hits you with a +0 giant spiked club!!
Ouch! That really hurt!
You die...

### # ...
#. #.# #.#
#.#
##.#.#w#.#
.......@#
.#.#.#O##
... #.#.
..... #.#
#. ## ..
.#


You could see an ogre and a worm.

Vanquished Creatures
  A bullfrog zombie (D:3)
  2 jellies (D:3)
  Jessica (D:2)
  2 adders (D:3)
  A worm (D:2)
  3 dart slugs (D:2)
  2 orcs (D:3)
  6 ball pythons
  12 endoplasms
  A giant cockroach (D:1)
  6 goblins
  6 hobgoblins
  2 jackals (D:3)
  13 kobolds
  2 quokkas (D:1)
  8 bats
  3 frilled lizards
  7 rats
78 creatures vanquished.

Vanquished Creatures (others)
  2 fungi (D:3)
  9 toadstools (D:3)
11 creatures vanquished.

Grand Total: 89 creatures vanquished

Notes
Turn   | Place    | Note
-------+----------+-------------------------------------------
     0 | D:1      | chippings the Mummy Gladiator began the quest for the Orb.
     0 | D:1      | Reached XP level 1. HP: 16/16 MP: 1/1
    63 | D:1      | Reached XP level 2. HP: 22/22 MP: 2/2
   393 | D:1      | Reached skill level 3 in Maces & Flails
   651 | D:1      | Reached XP level 3. HP: 28/28 MP: 3/3
   909 | D:2      | Noticed Jessica
   924 | D:2      | Killed Jessica
   953 | D:2      | Reached XP level 4. HP: 15/34 MP: 4/4
  1468 | D:2      | Noticed Terence
  1492 | D:3      | Found Nyiwkesm's Armour Boutique.
  1845 | D:3      | Reached skill level 4 in Maces & Flails
  1845 | D:3      | Reached XP level 5. HP: 31/41 MP: 5/5
  1957 | D:3      | Found Jiziynki's Book Boutique.
  1958 | D:3      | Found Ycoluj's Magic Scroll Shop.
  2373 | D:3      | Found a faded altar of an unknown god.
  2376 | D:3      | Found a stormy altar of Qazlal.
  2376 | D:3      | Found a burning altar of Makhleb.
  2535 | D:3      | Bought a +0 tower shield of protection for 126 gold pieces
  2556 | D:4      | Noticed an ogre
  2561 | D:4      | Slain by an ogre

Illustrated notes

Levels and vault maps discovered:
D:1:      minmay_arrival_open_corners, layout_basic
D:2:      layout_basic, uniq_jessica, uniq_terence
D:3:      cheibrodos_fertilizer, layout_rooms, gammafunk_temple_overflow_statue,
          serial_shops, shop, shop, shop, shapermc_ecumenical_altar_venn,
          grunt_decor_cap, kennysheep_donut, kennysheep_generic_room_12
D:4:      layout_loops_cross, minmay_misc_feat_columns, st_stairs_8,
          minmay_lizard_king

Skill      XL: |  1  2  3  4 |
---------------+-------------+-----
Maces & Flails | 3 4 |  4.6
Fighting       | 3 |  3.7
Throwing       | |  1.5
Dodging        | |  2.4

Action                   |  1- 3 |  4- 6 || total
-------------------------+-------+-------++-------
Melee: Flail             |    95 |   138 ||   233
Evoke: Wand              |       |     3 ||     3
  Use: Scroll            |       |     2 ||     2
Armor: Leather armour    |    32 |    19 ||    51
       Chain mail        |       |    53 ||    53
Dodge: Dodged            |    72 |    97 ||   169
Block: Tower shield      |       |     1 ||     1

Table legend: (Time is in decaauts)
 A = Elapsed time spent in this place.
 B = Non-inter-level travel time spent in this place.
 C = Inter-level travel time spent in this place.
 D = Time resting spent in this place.
 E = Time spent auto-exploring this place.
 F = Levels seen in this place.
 G = Mean time per level.
                   A        B        C        D        E       F      G
               +--------+--------+--------+--------+--------+-----+--------+
         Total |   2612 |   2584 |     28 |      0 |   1738 |   4 |  653.0 |
       Dungeon |   2612 |   2584 |     28 |      0 |   1738 |   4 |  653.0 |
               +--------+--------+--------+--------+--------+-----+--------+

Top non-repeatable levels by time:
     D:3: 1084 daAuts
     D:1: 929 daAuts
     D:2: 591 daAuts
     D:4: 7 daAuts
